 Dungeon Crawl Stone Soup version 0.30-a0-743-gbfdf073431 (webtiles) character file.

Game seed: 6317596285042794000

158 Ijustatesigmund the Conjurer (level 5, 0/42 HPs)
             Began as a Deep Elf Conjurer on Feb 6, 2023.
             Slain by Ijyb
             ... wielding a +0 dagger
              (5 damage)
             ... on level 3 of the Dungeon.
             The game lasted 00:03:46 (2359 turns).

Ijustatesigmund the Conjurer (Deep Elf Conjurer)    Turns: 2359, Time: 00:03:47

Health: 0/42       AC:  3    Str:  4    XL:     5   Next: 16%
Magic:  11/15      EV: 12    Int: 25    God:
Gold:   74         SH:  0    Dex: 13    Spells: 12/15 levels left

rFire   . . .      SeeInvis .    c - +0 short sword (vamp)
rCold   . . .      Faith    .    (no shield)
rNeg    . . .      Spirit   .    a - +0 robe
rPois   .          Reflect  .    (no helmet)
rElec   .          Harm     .    i - +0 cloak
rCorr   .          Rampage  .    (no gloves)
Will    .....                    (no boots) Stlth
                                 f - amulet of regeneration
HPRegen 1.07/turn                (no ring)
MPRegen 0.14/turn                (no ring)

@: berserking (expiring), very quick
A: no striking features
a: no special abilities


You were on level 3 of the Dungeon.
You visited 1 branch of the dungeon, and saw 3 of its levels.

You collected 74 gold pieces.

Inventory:

Hand Weapons
 c - a +0 vampiric short sword (weapon)
 s - a +0 shortbow
Armour
 a - a +0 robe (worn)
 i - a +0 cloak (worn)
Magical Staves
 l - a staff of poison
Jewellery
 f - an amulet of regeneration (around neck)
 o - a ring of willpower
Wands
 p - a wand of digging (9)
Scrolls
 e - a scroll of amnesia
 k - 2 scrolls of identify
 q - a scroll of teleportation {unknown}
Potions
 b - a potion of magic
 d - a potion of mutation
 g - a potion of invisibility
 h - a potion of curing
 j - 3 potions of flight
 m - a potion of attraction
 n - a potion of haste
 t - a potion of heal wounds {unknown}
 u - a potion of might {unknown}


   Skills:
 - Level 2.4 Dodging
 - Level 2.4 Stealth
 + Level 5.5 Spellcasting
 + Level 5.9 Conjurations


You had 12 spell levels left.
You knew the following spells:

 Your Spells              Type           Power      Damage    Failure   Level
a - Magic Dart            Conj           100%       1d8       1%          1
b - Searing Ray           Conj           72%        2d7       1%          2

Your spell library contained the following spells:

 Spells                   Type           Power      Damage    Failure   Level
 Dazzling Flash           Conj/Hex       42%        N/A       7%          3
 Fulminant Prism          Conj/Hex       10%        3d9       22%         4
 Iskenderun's Mystic Bla  Conj/Tloc      21%        2d6       22%         4


Dungeon Overview and Level Annotations

Branches:
Dungeon (3/15)

Altars:

Shops:
D:1 *=?=!

Annotations:
D:3 Ijyb


Message History

You feel yourself moving faster!
You feel mighty! Ijyb hits you with a +0 dagger.
You hit Ijyb.
You feel better.
Ijyb is moderately wounded.
You closely miss Ijyb.
Ijyb is moderately wounded.
Ijyb zaps a wand.
The puff of flame hits you!
* * * LOW HITPOINT WARNING * * *
You hit Ijyb but do no damage.
Ijyb is moderately wounded.
Ijyb hits you with a +0 dagger.
* * * LOW HITPOINT WARNING * * *
You closely miss Ijyb.
Ijyb is moderately wounded.
You hit Ijyb.
Ijyb is heavily wounded.
Ijyb closely misses you.
You hit Ijyb but do no damage.
Ijyb is heavily wounded.
Ijyb screams, "No!
No, no, no, no!"
Ijyb hits you with a +0 dagger.
* * * LOW HITPOINT WARNING * * *
You closely miss Ijyb.
Ijyb is heavily wounded.
You hit Ijyb.
You feel better.
Ijyb is heavily wounded.
Ijyb barely misses you.
You hit Ijyb.
Ijyb is severely wounded.
Ijyb closely misses you.
You barely miss Ijyb.
Ijyb is severely wounded.
You hit Ijyb but do no damage. You punch Ijyb.
Ijyb is almost dead.
Ijyb hits you with a +0 dagger.
* * * LOW HITPOINT WARNING * * *
You hit Ijyb.
Ijyb is almost dead.
Ijyb hits you with a +0 dagger.
You die...

#....... #......♣ #.†....♣
#......♣ #...# #......♣
#...# #......♣ ##...##
#......♣♣# 8...8
#.......)# ##...##
#.@g..##...
##.....###.....++ ..+
###.......###.....# ..#
#8.........8#.....# ...#
##.....8.....##....#....#
##.....###.....##.###....#
##.....##
##.....##.......# #8....8#
#8....8#...#....
##...#########...##.†.# .


You could see Ijyb.

Vanquished Creatures
  A phantom (D:2)
  Robin (D:3)
  2 adders (D:2)
  2 dart slugs
  3 ball pythons
  An endoplasm (D:1)
  6 giant cockroaches (D:1)
  13 goblins
  7 hobgoblins
  5 kobolds
  A bat (D:2)
  A frilled lizard (D:1)
  A rat (D:2)
44 creatures vanquished.

Notes
Turn   | Place    | Note
-------+----------+-------------------------------------------
     0 | D:1      | Ijustatesigmund the Deep Elf Conjurer began the quest for
                  | the Orb.
     0 | D:1      | Reached XP level 1. HP: 10/10 MP: 6/6
   102 | D:1      | Found Cazath's Assorted Antiques.
   177 | D:1      | Found Cot Vyekh's Jewellery Emporium.
   305 | D:1      | Reached XP level 2. HP: 14/15 MP: 2/8
   362 | D:1      | Found Bure's Distillery.
   369 | D:1      | Learned a level 2 spell: Searing Ray
   405 | D:1      | Found Zoqych's Magic Scroll Shop.
   551 | D:1      | Found Kifunyko's Jewellery Shop.
   897 | D:2      | Reached skill level 5 in Conjurations
   897 | D:2      | Reached XP level 3. HP: 19/19 MP: 6/10
  1349 | D:2      | Noticed a phantom
  1359 | D:2      | Killed a phantom
  1360 | D:2      | Reached skill level 5 in Spellcasting
  1360 | D:2      | Reached XP level 4. HP: 21/24 MP: 1/13
  2032 | D:3      | Noticed Robin
  2036 | D:3      | Killed Robin
  2037 | D:3      | Reached XP level 5. HP: 28/28 MP: 6/14
  2339 | D:3      | Noticed Ijyb
  2359 | D:3      | Slain by Ijyb

Illustrated notes

Levels and vault maps discovered:
D:1:      elethiomel_arrival_quiet, layout_loops_ring, serial_shops,
          nicolae_square_shop, shop, shop, shop, shop
D:2:      layout_basic
D:3:      layout_basic, old_standard_altar, gammafunk_temple_overflow_forgotten,
          dilly_ecumenical_altar_fadedgnrine, chequers_hall_statues_y,
          uniq_ijyb, uniq_robin, uniq_natasha

Skill      XL: |  1  2  3 |
---------------+----------+-----
Spellcasting   | 4 5 |  5.5
Conjurations   | 5 |  5.9
Dodging        | |  2.4
Stealth        | |  2.4

Action                     |  1- 3 |  4- 6 || total
---------------------------+-------+-------++-------
  Melee: Short sword       |     1 |    12 ||    13
         Punch             |       |     1 ||     1
   Cast: Magic Dart        |    57 |    30 ||    87
         Searing Ray       |     2 |       ||     2
    Use: Scroll            |     9 |     1 ||    10
         Potion            |       |     1 ||     1
   Stab: Sleeping          |     1 |       ||     1
  Dodge: Dodged            |     4 |     4 ||     8

Table legend: (Time is in decaauts)
 A = Elapsed time spent in this place.
 B = Non-inter-level travel time spent in this place.
 C = Inter-level travel time spent in this place.
 D = Time resting spent in this place.
 E = Time spent auto-exploring this place.
 F = Levels seen in this place.
 G = Mean time per level.
                   A        B        C        D        E       F      G
               +--------+--------+--------+--------+--------+-----+--------+
         Total |   2354 |   2204 |    150 |    422 |   1532 |   3 |  784.7 |
       Dungeon |   2354 |   2204 |    150 |    422 |   1532 |   3 |  784.7 |
               +--------+--------+--------+--------+--------+-----+--------+

Top non-repeatable levels by time:
     D:2: 1132 daAuts
     D:1: 866 daAuts
     D:3: 355 daAuts
